[Event "*** Titled Tuesday Blitz"]
[Site "Chess.com"]
[Date "2020.04.28"]
[Round "1"]
[White "Shield12"]
[Black "NiranjanNavalgund"]
[Result "0-1"]
[WhiteElo "2844"]
[BlackElo "2458"]
[TimeControl "180+1"]
[EndTime "10:08:22 PDT"]
[Termination "NiranjanNavalgund won on time"]

1. e4 e5 2. Nf3 Nc6 3. Bb5 a6 4. Ba4 Nf6 5. O-O Be7 6. d3 b5 7. Bb3 d6 8. a3 O-O 9. Nc3 Nb8 10. Ne2 Nbd7 11. Ng3 Nc5 12. Ba2 Re8 13. h3 Bf8 14.
Re1 g6 15. Ng5 Ne6 16. c3 h6 17. Nf3 Bg7 18. d4 Nh7 19. Be3 Bb7 20. Qd2 Nhg5 21. Nxg5 Nxg5 22. f3 Ne6 23. Bxh6 Qh4 24. Bxg7 Qxg3 25.
Bxe6 Kxg7 26. Ba2 Rh8 27. Qf2 Qg5 28. dxe5 dxe5 29. Rad1 Bc6 30. Kh2 Rad8 31. Qg3 Qf6 32. Kg1 Rd6 33. Rxd6 cxd6 34. Rd1 Rd8 35. Bd5 Be8 36. Qf2 Qe7 37. Qb6 Bd7 38. Qxa6 Qg5 39. h4 Qe3+ 40. Kf1 Bh3 41. Qxb5 Qxf3+ 42. Ke1 Qxg2 43.
Qd3 Bg4 44. Rd2 Qg1+ 45. Qf1 Qe3+ 46. Re2 Bxe2 47. Qxe2 Qc1+ 48. Kf2 Rh8 49. Qf3 f6 50.
Qg4 Qxb2+ 51. Kg1 Qc1+ 52. Kg2 Qd2+ 53. Kg1 Qe3+ 54. Kg2 Qf4 55. Qd7+ Kh6 56. a4 Rb8 57. Bb7 Qd2+ 58. Kg1 Qe3+ 59. Kg2 Qa7 0-1

[Event "*** Titled Tuesday Blitz"]
[Site "Chess.com"]
[Date "2020.04.28"]
[Round "1"]
[White "korbul"]
[Black "CalinGheorghiu"]
[Result "0-1"]
[WhiteElo "2606"]
[BlackElo "2318"]
[TimeControl "180+1"]
[EndTime "10:08:22 PDT"]
[Termination "CalinGheorghiu won by resignation"]

1. d4 Nf6 2. Nf3 d5 3. c4 e6 4. Nc3 Nbd7 5. Bf4 dxc4 6. e3 Nb6 7. Be2 Nfd5 8. O-O Nxf4 9. exf4 Bd6 10. Ne5 Bxe5 11.
fxe5 O-O 12. Qd2 c5 13. Nb5 cxd4 14. Nxd4 Bd7 15. Rad1 Qc7 16. Qe3 Nd5 17. Qg3 f6 18. Bg4 Rae8 19. Rfe1 f5 20. Bh5 f4 21. Qh3 Re7 22.
Bf3 Qc5 23. Bxd5 exd5 24. e6 Be8 25. Nf5 Rc7 26. e7 Rf6 27. Qg4 Rg6 28. Qxf4 Rf6 29. Qg5 Rg6 30. Qf4 Rf6 31. Qe5 c3 32. bxc3 Qxc3 33.
Qxc3 Rxc3 34. Rxd5 Rc7 35. Rd8 Kf7 36. Nd6+ Rxd6 37.
Rxd6 Rxe7 38. Rxe7+ Kxe7 39. Rd4 Bc6 40. Rh4 h6 41. f3 Kf6 42. Rd4 Ke5 43. Rd8 b5 44. Kf2 b4 45. Ke3 Bd5 46. Rd7 a5 47. Ra7 Bxa2 48.
Rxa5+ Kd6 49. Kd4 b3 50. Ra6+ Kc7 51. Kc5 b2 52. Rc6+ Kd7 53. Rd6+ Ke7 54. Rb6 b1=Q 55.
Rxb1 Bxb1 56. f4 Kf6 57. Kd4 Kf5 58. Ke3 Kg4 59. h3+ Kg3 0-1

[Event "*** Titled Tuesday Blitz"]
[Site "Chess.com"]
[Date "2020.04.28"]
[Round "1"]
[White "Willychess95"]
[Black "leoduarte"]
[Result "0-1"]
[WhiteElo "2555"]
[BlackElo "2266"]
[TimeControl "180+1"]
[EndTime "10:08:22 PDT"]
[Termination "leoduarte won by checkmate"]

1. e4 c5 2. Nf3 e6 3. d4 cxd4 4. Nxd4 Nc6 5. Nc3 Qc7 6. g4 a6 7. Be3 b5 8. Bg2 Bb7 9. g5 h5 10. h4 Ne5 11. Nce2 Ne7 12. a4 b4 13. b3 N7g6 14. f4 Ng4 15. Bg1 Nxf4 16. Nxf4 Qxf4 17. Qf3 Qxf3 18. Bxf3 Ne5 19. Bg2 Rc8 20. O-O-O Bc5 21. Kb1 Ke7 22. Bh2 Ng4 23. Bg1 g6 24. Rh3 e5 25. Ne2 Bxg1 26. Rhd3 Bd4 27. Nxd4 exd4 28. Rxd4 Bc6 29. R1d2 Rhd8 30. Bh3 Ne5 31. Rxb4 Rc7 32.
Bg2 d6 33. Rbd4 Ng4 34. c4 a5 35. Ka2 Rb7 36. Bh3 Rdd7 37. Ka3 Rd8 38. Bxg4 hxg4 39.
e5 Rbd7 40. Rxg4 dxe5 41. Re2 Ke6 42. Rg3 e4 43. Rc3 Ke5 44. Rh3 Rd3 45. Rhh2 Kd4 46. h5 gxh5 47. Rxh5 Rb8 48. Rb2 e3 49. Rh4+ Kc3 50. c5 Rb4 51. Rh6 Bd5 52. Rb6 Rxb6 53. cxb6 Rd2 54. Rb1 e2 55. Rc1+ Kd3 56. g6 fxg6 57.
Rc5 e1=Q 58. Rxd5+ Kc2 59. Rc5+ Kb1 60. b7 Ra2# 0-1

[Event "*** Titled Tuesday Blitz"]
[Site "Chess.com"]
[Date "2020.04.28"]
[Round "1"]
[White "El_ultimo_Pablo"]
[Black "stanyga"]
[Result "0-1"]
[WhiteElo "2358"]
[BlackElo "2697"]
[TimeControl "180+1"]
[EndTime "10:08:23 PDT"]
[Termination "stanyga won by resignation"]

1. d4 Nf6 2. c4 e6 3. Nc3 Bb4 4. Qc2 O-O 5. Nf3 d6 6. g3 Nbd7 7. Bg2 Qe7 8. O-O e5 9. dxe5 dxe5 10. Bd2 c6 11. a3 Bd6 12. b4 Bc7 13. Rfd1 Re8 14.
c5 Nf8 15. e3 Bg4 16. Re1 Rad8 17. h3 Bh5 18. Nh4 Ng6 19. Nf5 Qd7 20. Bc1 e4 21.
Nd4 Ne5 22. Nxe4 Nxe4 23. Bxe4 Qxh3 24. Bg2 Qg4 25. Bb2 Bg6 26. Qe2 Qxe2 27. Rxe2 Nc4 28.
Bc3 Be5 29. Ree1 Bf6 30. Bf1 Ne5 31. Be2 Nd3 32. Red1 Ne5 33. Rac1 Be4 34. f4 Nd7 35.
Kf2 g6 36. Nf3 Bxc3 37. Rxc3 Nf6 38. Rxd8 Rxd8 39. Nd4 Bd5 40. Rc1 Ne4+ 41. Kf3 Nd2+ 42. Kf2 Ne4+ 43. Kf3 Nxc5+ 44. Kf2 Ne4+ 45. Kf3 Nc3+ 46. Kf2 Ne4+ 47. Kf3 Kg7 48. g4 Re8 49. g5 Nxg5+ 50. Kf2 Ne4+ 51. Kf1 Ng3+ 52. Kf2 Ne4+ 53. Kf1 h5 54. Bd3 Nd2+ 55. Ke2 Nb3 56. Rg1 Nxd4+ 0-1

[Event "*** Titled Tuesday Blitz"]
[Site "Chess.com"]
[Date "2020.04.28"]
[Round "1"]
[White "JustWatch000"]
[Black "Alexander_Zubov"]
[Result "0-1"]
[WhiteElo "2438"]
[BlackElo "2853"]
[TimeControl "180+1"]
[EndTime "10:08:25 PDT"]
[Termination "Alexander_Zubov won by checkmate"]

1. Nf3 Nf6 2. c4 e6 3. Nc3 d5 4. d4 Bb4 5. cxd5 exd5 6. Bg5 c6 7. e3 Bf5 8. Bd3 Bxd3 9. Qxd3 O-O 10. O-O a5 11. h3 Be7 12. a3 Nbd7 13. Rab1 a4 14. Bf4 Re8 15. Qc2 b5 16. Ne2 Rc8 17. Bh2 Ne4 18. Nf4 Nd6 19. Nd3 Nc4 20. Nfe5 Ndb6 21.
Qe2 f6 22. Nf3 Bf8 23. Rfe1 Qd7 24. Rbc1 Qf7 25. Qc2 Nd7 26. Qc3 Re6 27. Nd2 Ndb6 28.
Nf4 Ree8 29. Nd3 h5 30. Nf3 g5 31. g4 hxg4 32. hxg4 Qe6 33. Bg3 Qxg4 34. Kg2 Qe4 35. Nc5 Bxc5 36. dxc5 g4 37. cxb6 Qxf3+ 38. Kg1 Re7 39. e4 dxe4 40. Bc7 Qxc3 41. Rxc3 f5 42. Rd1 Kf7 43. Kg2 Ke6 44. Rxc4 bxc4 45. Rd6+ Kf7 46.
Rxc6 e3 47. fxe3 Rxe3 48. b7 Rce8 49. b8=Q Rxb8 50. Bxb8 Re2+ 51. Kg3 Rxb2 52. Bd6 Rb3+ 53. Kf4 Rf3+ 54. Kg5 g3 55. Rc7+ Ke6 56. Bc5 g2 57.
Ba7 Rg3+ 58. Kf4 g1=Q 59. Bxg1 Rxg1 60. Ra7 c3 61. Rc7 Rc1 62. Ke3 f4+ 63. Kd3 f3 64. Ke3 c2 65. Kf2 Rh1 66. Rc6+ Kd5 67. Rc8 c1=Q 68.
Rd8+ Ke6 69. Re8+ Kd7 70. Re3 Qd2+ 71. Kxf3 Rh3+ 72. Ke4 Rxe3+ 73. Kf5 Qf2+ 74. Kg6 Rg3+ 75. Kh7 Qh2# 0-1

[Event "*** Titled Tuesday Blitz"]
[Site "Chess.com"]
[Date "2020.04.28"]
[Round "1"]
[White "Vice64"]
[Black "isla88"]
[Result "1/2-1/2"]
[WhiteElo "2626"]
[BlackElo "2317"]
[TimeControl "180+1"]
[EndTime "10:08:25 PDT"]
[Termination "Game drawn by stalemate"]

1. e4 c5 2. Nf3 Nc6 3. d4 cxd4 4. Nxd4 e5 5. Nb5 d6 6. N1c3 a6 7. Na3 Be7 8. Nd5 Nf6 9. Nxf6+ Bxf6 10. Nc4 O-O 11.
Ne3 Bg5 12. Be2 b5 13. O-O Nd4 14. a4 Nxe2+ 15. Qxe2 bxa4 16. Rxa4 Rb8 17. b3 g6 18. Rd1 f5 19. exf5 gxf5 20. Nc4 Bxc1 21. Rxc1 Qg5 22. Rd1 Bb7 23. f3 e4 24. fxe4 fxe4 25. Ne3 d5 26. Rad4 Rbd8 27. c4 dxc4 28. Rxd8 Rxd8 29. Qxc4+ Kh8 30. Qc3+ Kg8 31. Rxd8+ Qxd8 32. h3 Qd3 33. Qc5 Qxb3 34. Qg5+ Kf8 35. Nf5 Qd1+ 36. Kh2 Qd7 37. Qf6+ Qf7 38. Qd6+ Kg8 39. Qb8+ Qf8 40. Ne7+ Kf7 41.
Qxb7 Qxe7 42. Qxa6 e3 43. Qe2 Qe5+ 44. Kg1 Kf6 45.
Qf3+ Ke6 46. Kf1 Qf5 47. Ke2 Qc2+ 48. Kxe3 Qc3+ 49. Kf4 Qe5+ 50. Kg4 Qg7+ 51. Kh4 Qh6+ 52. Kg3 Qg6+ 53. Qg4+ Qxg4+ 54. Kxg4 Kf6 55. Kh5 Kg7 56. Kg5 Kf7 57. Kh6 Kg8 58. g4 Kh8 59. h4 Kg8 60.
h5 Kh8 61. g5 Kg8 62. g6 Kh8 63. Kg5 hxg6 64. hxg6 Kg7 65. Kf5 Kg8 66. Kf6 Kf8 67. g7+ Kg8 68. Kg6 1/2-1/2

[Event "*** Titled Tuesday Blitz"]
[Site "Chess.com"]
[Date "2020.04.28"]
[Round "1"]
[White "ftorodent"]
[Black "Sunnika"]
[Result "1-0"]
[WhiteElo "2661"]
[BlackElo "2335"]
[TimeControl "180+1"]
[EndTime "10:08:26 PDT"]
[Termination "ftorodent won by resignation"]

1. d4 Nf6 2. c4 g6 3. Nc3 Bg7 4.
e4 d6 5. Nf3 O-O 6. Be2 c5 7. O-O Nc6 8. d5 Na5 9. Nd2 a6 10. Qc2 Rb8 11. a4 e5 12. b3 Ne8 13. Bb2 f5 14. exf5 gxf5 15. f4 b6 16. Rae1 Nb7 17. Nd1 e4 18. Bxg7 Nxg7 19. Qc3 h5 20.
Ne3 Qf6 21. Qxf6 Rxf6 22. Kf2 Bd7 23. Rb1 a5 24. g3 Nd8 25. Ng2 Nf7 26. Rfe1 Nh6 27. h3 Kf7 28. Nf1 Rg8 29. Nfe3 Ke8 30. Nh4 Kd8 31. Rg1 Kc7 32. Rbf1 Bc8 33. Ke1 Bd7 34. Kd2 Re8 35. g4 hxg4 36. hxg4 fxg4 37.
Bxg4 Nxg4 38. Nxg4 Bxg4 39. Rxg4 e3+ 40. Ke2 Nf5 41.
Nxf5 Rxf5 42. Rf3 Re4 43. Rg7+ Kc8 44. Rh3 Rexf4 45. Rh8+ Rf8 46. Rxf8+ Rxf8 47. Kxe3 Rf1 48. Ke4 Re1+ 49. Kf5 Re5+ 50. Kf6 Re3 51. Re7 Rxb3 52. Ke6 Rh3 53. Kxd6 Rh6+ 54. Re6 Rh4 55. Kc6 Kd8 56.
d6 Rxc4 57. Rh6 Ke8 58. d7+ Ke7 59. Rh7+ Ke6 60. d8=Q 1-0

[Event "*** Titled Tuesday Blitz"]
[Site "Chess.com"]
[Date "2020.04.28"]
[Round "1"]
[White "CSB7"]
[Black "jucAxx"]
[Result "1-0"]
[WhiteElo "2502"]
[BlackElo "2086"]
[TimeControl "180+1"]
[EndTime "10:08:27 PDT"]
[Termination "CSB7 won by resignation"]

1. e4 e6 2. d4 d5 3. Nc3 Bb4 4. Ne2 dxe4 5. a3 Bxc3+ 6. Nxc3 Nf6 7. Bg5 O-O 8. Nxe4 Nbd7 9. Bd3 h6 10. Bh4 b6 11. Qf3 Rb8 12. O-O-O Bb7 13. Rhe1 Bxe4 14. Bxe4 g5 15. Bg3 Nxe4 16. Qxe4 Nf6 17. Qe5 Ne8 18.
h4 gxh4 19. Bf4 Qf6 20. Rh1 h5 21. Qxf6 Nxf6 22. Rxh4 Rbc8 23. Rd3 Kh7 24. Be5 Ng4 25. Rg3 Kg6 26. f3 Kg5 27. Rh1 f6 28. fxg4 fxe5 29. gxh5+ Kh6 30. Rg6+ Kh7 31. dxe5 Rf5 32. Rxe6 Rcf8 33. Re7+ R8f7 34. Rxf7+ Rxf7 35. g4 Re7 36. g5 Rxe5 37. g6+ Kh6 38. b3 Kg7 39. Kb2 Re8 40. a4 Kh6 41. Kc3 Re4 42. Rh2 Rg4 43. Kb2 c5 44. c3 a6 45. Ka3 b5 46. axb5 axb5 47. Kb2 Rg3 48. Kc2 Rf3 49. Re2 Kxh5 50. Re5+ Kxg6 51.
Rxc5 b4 52. cxb4 Kf6 53. Rd5 Ke6 54. Rd1 Rf4 55. Kc3 Rf3+ 56. Kb2 Ke5 57. Ka3 Rf8 58. b5 Ra8+ 59. Kb4 Rb8 60. Kc5 Rc8+ 61. Kb6 Rd8 62. Rxd8 1-0

[Event "*** Titled Tuesday Blitz"]
[Site "Chess.com"]
[Date "2020.04.28"]
[Round "1"]
[White "Vuk2000"]
[Black "erlesfar"]
[Result "1/2-1/2"]
[WhiteElo "2648"]
[BlackElo "2337"]
[TimeControl "180+1"]
[EndTime "10:08:28 PDT"]
[Termination "Game drawn - insufficient material"]

1. d4 Nf6 2. Bg5 c5 3. Bxf6 gxf6 4. dxc5 Qa5+ 5. c3 Qxc5 6. g3 Nc6 7. Bg2 f5 8. Nd2 e6 9. e4 fxe4 10. Nxe4 Qe7 11. Nf3 f5 12. Ned2 Bg7 13. O-O O-O 14. Re1 b6 15. Nc4 Ba6 16. Ne3 Rad8 17. Nd5 Qf7 18.
Nc7 Bb7 19. Qd6 f4 20. g4 Qg6 21. h3 h5 22. g5 Qf5 23. Rad1 Rf7 24. a4 Bf8 25. Qd3 Qxd3 26. Rxd3 a6 27. Red1 Rc8 28. g6 Rg7 29. Rxd7 Rxc7 30. Rxc7 Rxc7 31. Ng5 Rg7 32.
Be4 Na5 33. b4 Bxe4 34. Nxe4 Rxg6+ 35. Kf1 Nc4 36. Ke2 b5 37. axb5 axb5 38. Rd8 e5 39. Rb8 Ra6 40. Rxb5 Be7 41. Rb7 Kf7 42. Kd3 Nb2+ 43.
Kc2 Nc4 44. Rc7 Nd6 45. Kd3 Nxe4 46. Kxe4 Ra2 47. Kxe5 Rxf2 48. Ke4 f3 49. b5 Rf1 50. c4 f2 51. Kf3 Ke6 52. Rc6+ Ke5 53. Kg3 Kd4 54.
Kg2 Rc1 55. Kxf2 Bc5 56. b6 Kxc4+ 57. Kf3 Rc3+ 58. Kf4 Rb3 59. Rh6 h4 60. Rxh4 Rxb6 61. Rg4 Kb5 62. h4 Bd6+ 63. Kg5 Bc5 64. Kf5 Rd6 65.
h5 Rd7 66. Kg6 Rc7 67. h6 Rc6+ 68. Kh5 Re6 69. Rg5 Kc6 70. Rxc5+ Kxc5 71. h7 Re8 72. Kg6 Rh8 73. Kg7 Rxh7+ 74. Kxh7 1/2-1/2

[Event "*** Titled Tuesday Blitz"]
[Site "Chess.com"]
[Date "2020.04.28"]
[Round "1"]
[White "Jeffinho023"]
[Black "PetrolulSah"]
[Result "1-0"]
[WhiteElo "2534"]
[BlackElo "2184"]
[TimeControl "180+1"]
[EndTime "10:08:28 PDT"]
[Termination "Jeffinho023 won on time"]

1. d4 d5 2. Nf3 c6 3. Bf4 Nf6 4. e3 Bf5 5. Nbd2 h6 6. h3 e6 7. Be2 Nbd7 8. Ne5 Be7 9. O-O O-O 10. c4 Nxe5 11. Bxe5 Nd7 12. Bg3 Bf6 13. Rc1 Rc8 14.
Qb3 Qb6 15. c5 Qxb3 16. Nxb3 e5 17. Rfe1 Rfe8 18. Bf1 b6 19. Ba6 Rc7 20. Red1 bxc5 21. Nxc5 Nxc5 22. Rxc5 Rb8 23. b3 Be7 24. Rcc1 Ba3 25.
Bxe5 Rb6 26. Be2 Rc8 27. Rc3 Bb4 28. Rcc1 Ba3 29. Rc5 Bxc5 30. dxc5 Rb4 31. Bc3 Rbb8 32. b4 Re8 33. a3 Bd7 34. Rb1 f6 35. Bd4 Kf7 36.
a4 a5 37. b5 Rb7 38. b6 Rbb8 39. Bc3 Bc8 40. Bxa5 Bb7 41. Bc3 Ra8 42. a5 Reb8 43.
Bg4 Ke7 44. Re1 Ba6 45. e4 dxe4 46. Rxe4+ Kf7 47. Bd7 Bb5 48. Be6+ Kf8 49. Bc4 Bxc4 50. Rxc4 Ra6 51. Rd4 Ke7 52. Rd6 Rc8 53. g4 Raa8 54. Kg2 Ra6 55. Kf3 Ke8 56. Kf4 Ke7 57. h4 Ke8 58. h5 Ke7 59. Kf5 Ke8 60. Kg6 1-0

[Event "*** Titled Tuesday Blitz"]
[Site "Chess.com"]
[Date "2020.04.28"]
[Round "1"]
[White "Fighter008"]
[Black "IngOscarArdila"]
[Result "1-0"]
[WhiteElo "2494"]
[BlackElo "2045"]
[TimeControl "180+1"]
[EndTime "10:08:28 PDT"]
[Termination "Fighter008 won by resignation"]

1. e4 e5 2. Nf3 Nf6 3. Nc3 Nc6 4. Bb5 Bb4 5. O-O O-O 6. d3 d6 7. Bg5 Bxc3 8. bxc3 Qe7 9. Nd2 h6 10. Bh4 Nd8 11. Re1 Ne6 12. Nf1 Nf4 13. Ne3 g5 14.
Bg3 N6h5 15. d4 c6 16. Bd3 Qf6 17. f3 Be6 18. Bf1 Rad8 19. a4 c5 20. Bf2 cxd4 21. cxd4 exd4 22. Ng4 Bxg4 23. fxg4 Ng7 24. Bxd4 Qg6 25.
Bxa7 Nge6 26. g3 Ra8 27. Bf2 h5 28. gxf4 gxf4 29. h3 Ra5 30. Bg2 hxg4 31. hxg4 f3 32. Qxf3 Rg5 33. Bh3 Kg7 34. Be3 Re5 35. Bg2 Rh8 36.
Rad1 Qh7 37. Rd5 Qh2+ 38. Kf1 Rh4 39. Bg1 Qf4 40. Qxf4 Nxf4 41. Rxe5 dxe5 42. Bf3 Rh3 43. Re3 Ne6 44. Bg2 Rh4 45. Bf2 Rxg4 46. Rg3 Rxg3 47.
Bxg3 f6 48. c3 Nc5 49. a5 Nb3 50. Ke2 Nxa5 51. Kd3 Kf7 52. Bh3 Ke7 53. Bf2 Kd6 54.
Bb6 Nc6 55. Bf5 Ne7 56. Be3 b5 57. Bh6 Nc6 58. Bf8+ Kc7 59. Bc5 Na5 60. Be7 Kc6 61. Bxf6 Nb3 62. Bxe5 Nc5+ 63. Ke3 1-0

[Event "*** Titled Tuesday Blitz"]
[Site "Chess.com"]
[Date "2020.04.28"]
[Round "1"]
[White "Susal_De_Silva"]
[Black "gurelediz"]
[Result "0-1"]
[WhiteElo "2249"]
[BlackElo "2583"]
[TimeControl "180+1"]
[EndTime "10:08:29 PDT"]
[Termination "gurelediz won by resignation"]

1. e4 c5 2. Nf3 d6 3. Bb5+ Nd7 4. O-O a6 5. Bd3 Ngf6 6. Re1 e6 7. c3 Be7 8. a4 b6 9. Bc2 O-O 10. d4 cxd4 11.
cxd4 Bb7 12. Nc3 Rc8 13. h3 Re8 14. Bf4 Bf8 15. Bh2 g6 16. Rc1 Nb8 17. e5 dxe5 18. Bxe5 Bg7 19. Ng5 Nc6 20. Nge4 Nxe5 21. Nxf6+ Qxf6 22. dxe5 Qg5 23. Qg4 Qxg4 24. hxg4 Red8 25. f4 Rd4 26.
Be4 Rxc3 27. Bxb7 Rxc1 28. Rxc1 Rxf4 29. Bxa6 Rxa4 30. Rc8+ Bf8 31. Bc4 Rb4 32. b3 b5 33.
Bf1 Rxb3 34. Kh2 b4 35. Rb8 Rb1 36. Bc4 Rc1 37. Bb3 Rc3 38. Ba2 Re3 39. Rb5 Kg7 40. Kg1 Be7 41. Kf2 Ra3 42. Bc4 Rc3 43. Be2 Bc5+ 44.
Ke1 b3 45. Bf3 Bd4 46. Kd2 b2 47. Be4 Re3 48. Bc2 Rxe5 49. Rb8 Kf6 50. Bd3 Kg5 51. Rh8 Kxg4 52. Rxh7 Rb5 53. Rh1 Rh5 54. Be2+ Kg3 55. Bxh5 gxh5 56. Kc2 h4 57. Rh3+ Kg4 58. Rd3 e5 59.
Rb3 f5 60. Rb8 e4 61. Rg8+ Kf4 62. Rd8 Be5 63. Rg8 e3 64. Ra8 e2 65. Ra4+ Kg5 0-1

[Event "*** Titled Tuesday Blitz"]
[Site "Chess.com"]
[Date "2020.04.28"]
[Round "1"]
[White "archess2"]
[Black "SoltaniciR"]
[Result "0-1"]
[WhiteElo "2219"]
[BlackElo "2557"]
[TimeControl "180+1"]
[EndTime "10:08:30 PDT"]
[Termination "SoltaniciR won by resignation"]

1. d4 Nf6 2. c4 Nc6 3. Nc3 e5 4.
d5 Ne7 5. e4 Ng6 6. Nf3 Bc5 7.
Bg5 h6 8. Bxf6 Qxf6 9. g3 d6 10.
Bg2 h5 11. h4 Bg4 12. Qd3 O-O 13. O-O a6 14. a3 Ne7 15. b4 Ba7 16. Nh2 Bd7 17.
Qf3 Qxf3 18. Bxf3 g6 19. Rfc1 f5 20. Rc2 Bd4 21. Rd1 fxe4 22. Bxe4 Rf6 23. Nf3 Ba7 24. c5 Bg4 25. Rd3 Raf8 26. Nh2 dxc5 27. Nxg4 hxg4 28. b5 c4 29. Rdd2 Nf5 30. Bxf5 gxf5 31. bxa6 Rxa6 32. Nb5 f4 33. gxf4 Rxf4 34. Kg2 Bb6 35. d6 c6 36. Nc7 Rxa3 37. Ne6 Rf6 38. Ng5 Rd3 39. Ne4 Rf4 40.
Ng5 Rfd4 41. Re2 Rxd6 42. Rxc4 Rd2 43. Rxd2 Rxd2 44. Ne4 Rd4 45. Rxd4 Bxd4 46. Nf6+ Kf7 47. Nxg4 b5 48. Kf3 b4 49. Ke2 b3 50. Kd1 c5 51.
Nh2 c4 52. Nf3 c3 53. Kc1 Bxf2 54. Nxe5+ Ke6 55. Nd3 Be3+ 56. Kb1 Kd5 57. Nb4+ Kc4 58. Nc2 bxc2+ 59. Kxc2 Bd2 60. h5 Kd5 61. Kd1 Ke6 62. Kc2 Kf7 63. Kd1 Kg7 64. Kc2 Kh6 65. Kd1 Kxh5 66. Kc2 Kg4 67. Kd1 Kf3 68. Kc2 Ke2 69.
Kb1 Kd1 70. Ka2 c2 71. Kb3 c1=Q 0-1

[Event "*** Titled Tuesday Blitz"]
[Site "Chess.com"]
[Date "2020.04.28"]
[Round "1"]
[White "zajka-molotok"]
[Black "DryCounty"]
[Result "0-1"]
[WhiteElo "2404"]
[BlackElo "2760"]
[TimeControl "180+1"]
[EndTime "10:08:31 PDT"]
[Termination "DryCounty won by resignation"]

1. d4 Nf6 2. c4 g6 3. Nc3 Bg7 4. e4 O-O 5. Be2 d6 6. Be3 c5 7. d5 e6 8. Nf3 exd5 9. cxd5 Re8 10.
Nd2 a6 11. a4 Nbd7 12. O-O Qc7 13. Qc2 Ne5 14. h3 c4 15. f4 Nd3 16. Bxd3 cxd3 17. Qxd3 Bd7 18. Bd4 Nh5 19. Bxg7 Nxg7 20. Qd4 f5 21. Rae1 Rac8 22. e5 Qc5 23. Qxc5 Rxc5 24. e6 Bc8 25. Rc1 Nh5 26. b4 Rc7 27. Ne2 Rxc1 28. Rxc1 Nf6 29. Nc3 Nh5 30. Nc4 Bxe6 31. dxe6 Rxe6 32. Nd5 Kg7 33. Kf2 Re4 34. g3 Rd4 35. Nde3 d5 36. Ne5 Rxb4 37. Rc7+ Kf8 38. Nxd5 Rb2+ 39. Kf3 Rb3+ 40. Rc3 Rxc3+ 41. Nxc3 Ke7 42.
a5 Kd6 43. Na4 Nf6 44. Nc3 Kc5 45. Ne2 Kb4 46. Nd4 Kxa5 47. g4 fxg4+ 48. hxg4 Kb4 49. g5 Nd5 50. Ke4 Ne7 51. f5 gxf5+ 52. Nxf5 Nxf5 53.
Kxf5 a5 54. Kf6 a4 55. Nd3+ Kc3 56. Nc1 b5 57. Kg7 b4 58. Kxh7 b3 59. g6 b2 60.
Ne2+ Kc4 61. g7 b1=Q+ 62. Kh8 Qh1+ 63. Kg8 a3 64. Kf8 Qa8+ 65. Kf7 Qb7+ 66. Kf8 Qxg7+ 67. Kxg7 a2 68. Nc1 a1=Q+ 0-1

[Event "*** Titled Tuesday Blitz"]
[Site "Chess.com"]
[Date "2020.04.28"]
[Round "1"]
[White "Oneofmyturns"]
[Black "VALPARAISO37"]
[Result "1/2-1/2"]
[WhiteElo "2670"]
[BlackElo "2350"]
[TimeControl "180+1"]
[EndTime "10:08:31 PDT"]
[Termination "Game drawn by repetition"]

1. d4 Nf6 2. c4 e6 3. Nf3 d5 4. Nc3 a6 5. cxd5 exd5 6. Bg5 Be6 7. e3 Bd6 8. Bd3 Nbd7 9. O-O c6 10. Bf4 Qc7 11. Bxd6 Qxd6 12. Rc1 O-O 13. h3 Rac8 14.
Na4 c5 15. dxc5 Nxc5 16. Nxc5 Rxc5 17. Rxc5 Qxc5 18. Nd4 Bd7 19. Qb3 b5 20. Rd1 Rc8 21. Be2 h6 22. Bf3 a5 23. Qd3 Qc4 24. b3 Qxd3 25.
Rxd3 Rc1+ 26. Kh2 Ra1 27. Rd2 g6 28. g4 Kg7 29. Rc2 b4 30. Ne2 Be6 31. Nf4 Ne4 32.
Bxe4 dxe4 33. Kg3 g5 34. Ne2 a4 35. Nd4 axb3 36. axb3 Rb1 37. Nxe6+ fxe6 38. Rc4 Rxb3 39. Rxe4 Kf6 40. h4 Rb1 41. h5 b3 42. Rb4 e5 43.
Kf3 b2 44. Ke4 Rg1 45. Rb6+ Ke7 46. Rxb2 Rxg4+ 47. Kxe5 Rh4 48. Rb7+ Kd8 49. Kd6 Kc8 50. Rf7 Rxh5 51. e4 g4 52. e5 Rh1 53. Rf8+ Kb7 54.
e6 Rd1+ 55. Ke7 h5 56. Rh8 Rd2 57. Rxh5 Rxf2 58. Kd7 Rd2+ 59. Ke8 g3 60. e7 Rf2 61. Rg5 g2 62. Kd7 Rd2+ 63. Ke6 Re2+ 64. Kf6 Rf2+ 65. Kg7 Re2 66. Kf7 Rf2+ 67. Ke8 Kc7 68. Rg3 Re2 69. Rg7 Rf2 70. Rg6 Re2 71. Kf8 Rf2+ 72. Ke8 Re2 73.
Rg7 Rf2 74. Rg6 1/2-1/2

[Event "*** Titled Tuesday Blitz"]
[Site "Chess.com"]
[Date "2020.04.28"]
[Round "1"]
[White "Alohamora11"]
[Black "FMalexhdez"]
[Result "1-0"]
[WhiteElo "2514"]
[BlackElo "2130"]
[TimeControl "180+1"]
[EndTime "10:08:31 PDT"]
[Termination "Alohamora11 won on time"]

1. e4 c5 2. Nf3 d6 3. d4 cxd4 4. Nxd4 Nf6 5. Nc3 a6 6. h3 e5 7. Nde2 Be6 8. g4 h6 9. Bg2 Nbd7 10. Be3 Rc8 11. Qd2 Be7 12. f4 b5 13. f5 Bc4 14.
O-O-O b4 15. Nd5 Nxd5 16. exd5 Qa5 17. Rdf1 Qxa2 18. Kd1 Qxb2 19. h4 Bxe2+ 20. Qxe2 Qb1+ 21. Bc1 b3 22. Be4 b2 23. Qd2 bxc1=Q+ 24. Qxc1 Qb4 25. Qe3 Nc5 26. Bd3 e4 27. Be2 Qb1+ 28. Qc1 Qb4 29. g5 Nb3 30. Qe3 Nd4 31. f6 Qb1+ 32. Qc1 Qxc1+ 33. Kxc1 Nxe2+ 34. Kd2 gxf6 35. Kxe2 hxg5 36.
hxg5 Rxh1 37. Rxh1 fxg5 38. Kd2 e3+ 39. Kxe3 Rxc2 40. Rb1 Rc3+ 41. Kd4 Rc5 42. Rb6 a5 43. Ra6 g4 44. Ke4 g3 45. Kf3 Rc3+ 46. Kg2 Ra3 47. Ra7 Bg5 48. Rb7 Bf4 49. Rb2 Rc3 50. Re2+ Kd7 51. Ra2 Rd3 52. Rxa5 Rd2+ 53. Kf3 g2 54. Ra4 g1=Q 55. Rxf4 Qf2+ 56. Kg4 Qg2+ 57. Kh4 Rxd5 58.
Rxf7+ Kc6 59. Rc7+ Kb5 60. Rc5+ Kb4 61. Rc4+ Kb3 62.
Rb4+ Kc3 63. Rb3+ Kd4 64. Rb4+ Ke5 65. Rg4 Qh2+ 66. Kg5 Ke6+ 67. Kg6 1-0

[Event "*** Titled Tuesday Blitz"]
[Site "Chess.com"]
[Date "2020.04.28"]
[Round "1"]
[White "Efremov_Vlad"]
[Black "benko_008"]
[Result "0-1"]
[WhiteElo "2122"]
[BlackElo "2511"]
[TimeControl "180+1"]
[EndTime "10:08:32 PDT"]
[Termination "benko_008 won by resignation"]

1. c4 e6 2. d4 d5 3. Nf3 Nf6 4. Nc3 Nbd7 5. cxd5 exd5 6. Bg5 Be7 7. e3 c6 8. Bd3 Nh5 9. Bxe7 Qxe7 10. O-O Nhf6 11. Rb1 O-O 12. b4 a6 13. a4 Nb6 14. b5 axb5 15. axb5 c5 16. dxc5 Qxc5 17. Rc1 Qe7 18. Nd4 Bd7 19. Nce2 Rfc8 20. Bf5 g6 21. Bxd7 Qxd7 22.
Qb3 Nc4 23. Rfd1 Qe7 24. Nf4 Nb6 25. Qb2 Rc4 26. h3 Rac8 27. Nd3 Ne4 28. Nf3 Nc3 29. Rd2 Nba4 30. Qa1 f6 31. Rdc2 Qe4 32. Nf4 Ne2+ 33. Nxe2 Rxc2 34. Rxc2 Qxc2 35. Nf4 Qc1+ 36. Qxc1 Rxc1+ 37. Kh2 Rc5 38. Nd4 Kf7 39. Nfe6 Rc4 40. Nf4 Nc3 41. Nd3 b6 42. Kg3 Ne4+ 43. Kf3 Nd6 44. Nf4 Rc5 45. Nd3 Rc3 46. Nf4 Rc5 47. Nd3 Nxb5 48.
Nxc5 Nxd4+ 49. exd4 bxc5 50. dxc5 Ke7 51. Ke3 Kd7 52. Kd3 Kc6 53. Kd4 h5 54. f4 h4 55.
f5 g5 56. Kd3 Kxc5 57. Kc3 d4+ 58. Kd2 Kd5 59. Kd3 Ke5 60. Ke2 Ke4 61. Kd2 Kxf5 62. Kd3 Ke5 63. Kd2 Ke4 64. Ke2 d3+ 65. Kd2 Kd4 66.
Ke1 Ke3 67. Kd1 d2 68. g4 hxg3 69. Kc2 g2 0-1

[Event "*** Titled Tuesday Blitz"]
[Site "Chess.com"]
[Date "2020.04.28"]
[Round "1"]
[White "tacticthunder"]
[Black "Nafania1"]
[Result "1/2-1/2"]
[WhiteElo "2673"]
[BlackElo "2353"]
[TimeControl "180+1"]
[EndTime "10:08:35 PDT"]
[Termination "Game drawn by repetition"]

1. e4 e6 2. d4 d5 3. Nc3 h6 4.
Bd3 Nc6 5. Nge2 Nb4 6. Bb5+ c6 7.
Ba4 a5 8. a3 Na6 9. Bb3 b5 10.
Ng3 a4 11. Ba2 Nf6 12. O-O dxe4 13. Ncxe4 Be7 14. c3 O-O 15. Nxf6+ Bxf6 16. Bb1 Bg5 17. f4 Bh4 18. Be3 Nc7 19. Qg4 f5 20. Qf3 Nd5 21. Bc2 Bxg3 22. Qxg3 Rf6 23. Rae1 Bd7 24. Bf2 Qe8 25.
Re5 Rg6 26. Qf3 Qf7 27. Rfe1 Rg4 28. Bg3 Qg6 29. Kf2 Qf7 30. h3 Rg6 31. Bh2 Rf8 32. Kg1 Kh8 33. Kh1 Qf6 34. Rf1 Qh4 35. b3 axb3 36.
Bxb3 Ra8 37. c4 bxc4 38. Bxc4 Kh7 39. Ra1 Qd8 40. a4 Qb6 41. Qd3 c5 42. dxc5 Qxc5 43.
Bxd5 exd5 44. Rxd5 Qf2 45. Qd2 Qxd2 46. Rxd2 Rxa4 47. Rxa4 Bxa4 48. Bg1 Bc6 49. Kh2 Re6 50. Bd4 Re7 51. Be5 Be4 52. g4 Rb7 53. Kg3 Rb3+ 54. Kh4 Rd3 55. Rb2 Rd7 56. g5 hxg5+ 57. Kxg5 Rd3 58.
Kh4 Rd7 59. Ra2 Rb7 60. Kg5 Rb3 61. Ra7 Rg3+ 62. Kh4 Rg1 63. Re7 Rg2 64. Rd7 Rg1 65.
Rc7 Rg2 66. Kh5 Bf3+ 67. Kh4 Be4 68. Re7 Rg1 69. Rc7 Rg2 1/2-1/2